[Event "Late-Titled-Tuesday-Blitz-March-26-2024"]
[Site "Chess.com"]
[Date "2024.03.26"]
[Round "7"]
[White "cthake"]
[Black "Janh4"]
[Result "0-1"]
[WhiteElo "1773"]
[BlackElo "2169"]
[TimeControl "180+1"]
[EndTime "15:18:38 PDT"]
[Termination "Janh4 won on time"]

1. e4 c6 2. d4 d5 3. exd5 cxd5 4. c4 Nf6 5. Nc3 Nc6 6. Nf3 a6 7. Bg5 Ne4 8. Be3 Nxc3 9. bxc3 Bg4 10. Be2 e6 11. c5 Be7 12. O-O O-O 13. Rb1 Ra7 14. h3 Bh5 15. g4 Bg6 16. Bd3 Qc7 17. Qd2 Bf6 18. Bf4 Qa5 19. Bxg6 fxg6 20. Bd6 Rf7 21. Kg2 h6 22. Ne5 Bxe5 23. dxe5 Qa4 24. Rbe1 Ra8 25.
Qd3 Kh7 26. Re2 Qf4 27. Qg3 Na5 28. Qxf4 Rxf4 29. Rb2 Rc4 30. Rc1 Rc8 31. Kg3 g5 32. f3 Kg6 33. Be7 Rc7 34. Bd6 Rf7 35. Rf2 Rcf4 36.
Rd1 Nc4 37. Rd4 Ne3 38. Rxf4 gxf4+ 39. Kh2 Kg5 40. a4 h5 41. a5 hxg4 42. hxg4 g6 43.
Kg1 Rh7 0-1

[Event "Late-Titled-Tuesday-Blitz-March-26-2024"]
[Site "Chess.com"]
[Date "2024.03.26"]
[Round "7"]
[White "GarciaIsaac"]
[Black "Eloist"]
[Result "1-0"]
[WhiteElo "2649"]
[BlackElo "2483"]
[TimeControl "180+1"]
[EndTime "15:18:39 PDT"]
[Termination "GarciaIsaac won by checkmate"]

1. Nf3 Nf6 2. g3 b6 3. Bg2 Bb7 4. O-O e6 5. d4 Be7 6. c4 O-O 7. d5 exd5 8. Nh4 c6 9. cxd5 Nxd5 10. Nf5 Bf6 11. e4 Nc7 12. Nd6 Ba6 13. Re1 Ne8 14.
e5 Nxd6 15. Qxd6 Be7 16. Qd4 c5 17. Qg4 Nc6 18. Bh6 g6 19. Bxf8 Bxf8 20. Nc3 Bg7 21. Rad1 Rc8 22. Qxd7 Qxd7 23. Rxd7 Nxe5 24. Rxa7 Bc4 25.
Nd5 Rd8 26. Nxb6 Be6 27. b3 h5 28. Ra8 Rxa8 29. Bxa8 Bg4 30. Kg2 h4 31. h3 Be6 32.
Bd5 Bf5 33. f4 Nd3 34. Re8+ Bf8 35. Be4 Bxe4+ 36. Rxe4 hxg3 37. a4 Bd6 38. Nc4 Bxf4 39. a5 f5 40. Re7 Kf8 41. Rb7 Ne1+ 42. Kf1 g2+ 43. Kg1 Nf3+ 44. Kxg2 Nh4+ 45. Kf2 g5 46. a6 g4 47. hxg4 fxg4 48. a7 g3+ 49.
Kg1 Nf3+ 50. Kf1 Nh2+ 51. Kg2 Ng4 52. a8=Q+ Bb8 53. Qxb8# 1-0

[Event "Late-Titled-Tuesday-Blitz-March-26-2024"]
[Site "Chess.com"]
[Date "2024.03.26"]
[Round "7"]
[White "sotochess"]
[Black "sorch29"]
[Result "0-1"]
[WhiteElo "2578"]
[BlackElo "2462"]
[TimeControl "180+1"]
[EndTime "15:18:39 PDT"]
[Termination "sorch29 won on time"]

1. e4 c5 2. Nf3 Nc6 3. d4 cxd4 4. Nxd4 Nf6 5. Nc3 e5 6. Ndb5 d6 7. Nd5 Nxd5 8. exd5 Nb8 9. Be3 a6 10. Na3 Be7 11.
Nc4 Nd7 12. a4 O-O 13. a5 f5 14. Be2 Qe8 15. O-O f4 16. Bd2 Qg6 17. Bh5 Qh6 18.
Bf3 Nf6 19. Re1 Bf5 20. Bb4 e4 21. Nxd6 Bxd6 22. Bxd6 exf3 23. Bxf8 Rxf8 24. Qxf3 g5 25. Re6 g4 26. Qc3 Bxe6 27. dxe6 Re8 28. Re1 Qg7 29. Qe5 f3 30. g3 Kh8 31. Qf5 Qe7 32. c3 Rd8 33. h4 Rd5 34. Qf4 Rxa5 35. b4 Rd5 36. c4 Rd6 37. Qf5 h6 38. Qg6 Qg7 39. Qf5 Rd8 40. b5 Re8 41. bxa6 bxa6 0-1

[Event "Late-Titled-Tuesday-Blitz-March-26-2024"]
[Site "Chess.com"]
[Date "2024.03.26"]
[Round "7"]
[White "rhwr"]
[Black "Nemsko"]
[Result "0-1"]
[WhiteElo "2297"]
[BlackElo "2425"]
[TimeControl "180+1"]
[EndTime "15:18:39 PDT"]
[Termination "Nemsko won on time"]

1. e4 e5 2. Nf3 Nc6 3. Bb5 a6 4. Ba4 Nf6 5. d3 b5 6. Bb3 Be7 7. c3 O-O 8. O-O d6 9. h3 Be6 10. Nbd2 Na5 11. Bxe6 fxe6 12. b4 Nc6 13. Qb3 Qd7 14.
a4 Rfb8 15. axb5 axb5 16. Rxa8 Rxa8 17. Bb2 Kh8 18. Re1 h6 19. Nf1 Kh7 20. Ne3 Nh5 21.
d4 Nf4 22. d5 Nd8 23. c4 Rb8 24. c5 exd5 25. exd5 Nf7 26. Qc2+ Kg8 27. c6 Qe8 28. Kh2 Ng5 29. Nxg5 Bxg5 30. g3 Nh5 31. Ng4 Qf7 32.
h4 Be7 33. Rf1 Nf6 34. Ne3 Nxd5 35. Nf5 Rf8 36. Nxe7+ Nxe7 37. Qe2 Qd5 38. f4 Nxc6 39. Rd1 Qc4 40. Qg2 Nxb4 41. fxe5 dxe5 42. Bxe5 Qc5 43. Bd4 Qf5 44. Bc5 Qxc5 0-1

[Event "Late-Titled-Tuesday-Blitz-March-26-2024"]
[Site "Chess.com"]
[Date "2024.03.26"]
[Round "7"]
[White "sergoy"]
[Black "GMG"]
[Result "1-0"]
[WhiteElo "2923"]
[BlackElo "2795"]
[TimeControl "180+1"]
[EndTime "15:18:40 PDT"]
[Termination "sergoy won on time"]

1. d4 d5 2. c4 e6 3. Nf3 a6 4.
cxd5 exd5 5. Nc3 Nf6 6. Bg5 Be6 7. Qb3 Ra7 8. e3 Nbd7 9. Bd3 Bd6 10. O-O O-O 11. Bf4 Qe7 12. h3 c6 13. Rfe1 Re8 14.
Qc2 h6 15. Rad1 Raa8 16. Ne5 Rac8 17. Bh2 c5 18. Qe2 c4 19. Bb1 Bb4 20. Qc2 b5 21.
Nxd7 Bxd7 22. Be5 Bc6 23. Qf5 Qe6 24. Qxe6 fxe6 25. a3 Ba5 26. f3 Bc7 27. e4 Kf7 28. exd5 exd5 29. Bf5 Nd7 30. Bxc7 Rxc7 31. Bg6+ Kxg6 32.
Rxe8 Nf6 33. Re6 Kf7 34. Rde1 a5 35. Na2 Ne8 36. Nc3 Nf6 37. Na2 Ne8 38. Kf2 Nf6 39. R6e5 Ne8 40. g4 Nf6 41. h4 Rb7 42. g5 hxg5 43.
hxg5 Nh5 44. Nc3 g6 45. Ke3 Ng7 46. Nxd5 Nf5+ 47. Kf4 Rd7 48. Rxf5+ gxf5 49. g6+ Kxg6 50. Ne7+ Kf6 51. Nxc6 Rd6 52. d5 Rxd5 53. Re5 Rd2 54. Rxf5+ Ke6 55. Rxb5 Kd6 56. Ne5 Rd4+ 57. Ke3 1-0

[Event "Late-Titled-Tuesday-Blitz-March-26-2024"]
[Site "Chess.com"]
[Date "2024.03.26"]
[Round "7"]
[White "Shahdad2007"]
[Black "IsuruAlahakoon"]
[Result "1-0"]
[WhiteElo "2613"]
[BlackElo "2367"]
[TimeControl "180+1"]
[EndTime "15:18:43 PDT"]
[Termination "Shahdad2007 won on time"]

1. Nf3 d5 2. g3 Nc6 3. d4 Bf5 4.
Bg2 e6 5. O-O h5 6. Na3 Be7 7. c4 h4 8. cxd5 exd5 9. Nb5 hxg3 10.
fxg3 Nf6 11. Bf4 Rc8 12. Ne5 Ng4 13. Nxg4 Bxg4 14. Qd2 O-O 15. Nc3 Bf6 16. e3 Ne7 17. Rf2 c6 18. Raf1 Ng6 19. Bh6 Bg5 20. Bxg5 Qxg5 21.
Ne2 Bxe2 22. Qxe2 Rce8 23. Re1 Re7 24. Qd3 Rfe8 25. Rfe2 Re6 26. b4 a6 27. a4 R6e7 28.
b5 axb5 29. axb5 Re6 30. bxc6 bxc6 31. Qc3 Ne7 32. e4 dxe4 33. Rxe4 Nd5 34. Rxe6 Rxe6 35. Qa5 Rxe1+ 36. Qxe1 Qg4 37. Qe8+ Kh7 38. Qe4+ Qxe4 39. Bxe4+ g6 40. Kf2 Kg7 41. h4 Kf6 42. g4 Ke6 43. h5 gxh5 44. gxh5 Kf6 45. h6 Ne7 46.
Ke3 1-0

[Event "Late-Titled-Tuesday-Blitz-March-26-2024"]
[Site "Chess.com"]
[Date "2024.03.26"]
[Round "7"]
[White "Juicy_Fork"]
[Black "Levanzovsky"]
[Result "1-0"]
[WhiteElo "2562"]
[BlackElo "2425"]
[TimeControl "180+1"]
[EndTime "15:18:44 PDT"]
[Termination "Juicy_Fork won by resignation"]

1. e4 e5 2. Nf3 Nc6 3. Bb5 a6 4. Ba4 Nf6 5. O-O Nxe4 6. d4 b5 7. Bb3 d5 8. dxe5 Be6 9. Qe2 Be7 10. Rd1 Nc5 11. Nc3 Nxb3 12. cxb3 O-O 13. h3 Qd7 14. Bf4 Rad8 15. Rac1 d4 16. Ne4 d3 17. Qe3 Nb4 18. Bg5 Bf5 19. Nc5 Bxc5 20. Qxc5 f6 21. exf6 gxf6 22.
Bh6 Nxa2 23. Ra1 Rfe8 24. Rxa2 Bxh3 25. gxh3 Qxh3 26. Nh2 Qxh6 27. Qxc7 d2 28. Raa1 Rd5 29. Qc6 Qg6+ 30. Kh1 Qe4+ 31. f3 Qe5 32. Ng4 Qh5+ 33.
Kg1 Rf8 34. Nxf6+ Rxf6 35. Qxf6 Rg5+ 36. Kf2 Qh4+ 37. Ke3 Qg3 38. Rg1 Qxg1+ 39. Rxg1 Rxg1 40. Kxd2 Rg6 41. Qd8+ Kg7 42. Ke3 h5 43. f4 h4 44.
f5 Rg4 45. Kf3 Rg3+ 46. Kf4 Rd3 47. Qxd3 1-0

[Event "Late-Titled-Tuesday-Blitz-March-26-2024"]
[Site "Chess.com"]
[Date "2024.03.26"]
[Round "7"]
[White "Doublekk14"]
[Black "Irishchessman16"]
[Result "1-0"]
[WhiteElo "2426"]
[BlackElo "2544"]
[TimeControl "180+1"]
[EndTime "15:18:45 PDT"]
[Termination "Doublekk14 won by resignation"]

1. c4 b6 2. e4 e5 3. Nc3 Bb7 4. Nf3 Nc6 5. d4 exd4 6. Nxd4 Bb4 7. Nxc6 Bxc6 8. Bd2 Nf6 9. f3 Nh5 10. g3 O-O 11.
Be2 Bc5 12. Qc2 Qe7 13. O-O-O a6 14. g4 Nf6 15. g5 Ne8 16. f4 b5 17. Nd5 Bxd5 18.
cxd5 c6 19. dxc6 Rc8 20. Kb1 Rxc6 21. Qd3 Rd6 22. Qf3 Re6 23. Bd3 f6 24. gxf6 Qxf6 25. Rhf1 g6 26. Bc3 Bd4 27. Bxd4 Qxd4 28. Bc2 Qg7 29.
Bb3 Kh8 30. Bxe6 dxe6 31. e5 Qe7 32. Rd3 Ng7 33. Rfd1 Nh5 34. Rd4 Rc8 35. Rd7 Qc5 36. Rd8+ Kg7 37. R1d7+ Kh6 38. Rxc8 Qxc8 39. Rd6 Qc5 40.
a3 Qg1+ 41. Ka2 Qxh2 42. f5 Qxe5 43. Rxe6 Qd4 44. f6 Qc4+ 45. b3 Qxe6 46. f7 Qd5 47.
Qxd5 1-0

[Event "Late-Titled-Tuesday-Blitz-March-26-2024"]
[Site "Chess.com"]
[Date "2024.03.26"]
[Round "7"]
[White "Evandro_Barbosa"]
[Black "esrosenberg"]
[Result "0-1"]
[WhiteElo "2637"]
[BlackElo "2504"]
[TimeControl "180+1"]
[EndTime "15:18:46 PDT"]
[Termination "esrosenberg won by resignation"]

1. e4 e5 2. Nf3 Nc6 3. Bb5 Nf6 4. d3 Ne7 5. O-O c6 6. Ba4 Ng6 7. c3 Be7 8. Re1 O-O 9. Nbd2 Qc7 10. d4 d6 11. Bc2 a5 12. Nf1 Be6 13. Ng3 Rfd8 14. Ng5 Bg4 15. f3 Bd7 16. Bb3 d5 17. exd5 Nxd5 18. dxe5 Bc5+ 19. Kh1 Bf2 20. Rf1 Bxg3 21. hxg3 Qxe5 22. f4 Qf5 23. Bc2 Qg4 24. f5 Ne5 25.
Qxg4 Nxg4 26. Bb3 h6 27. Ne4 Nde3 28. Bxe3 Nxe3 29. Rf3 Nxf5 30. g4 Nh4 31. Rxf7 Kh8 32. Nd6 Bxg4 33. Nxb7 Rd2 34. Rf4 Rxg2 35. Rg1 Rxg1+ 36.
Kxg1 h5 37. Nd6 Nf3+ 38. Kf2 Ne5 39. Re4 Rf8+ 40. Ke1 Nd3+ 41. Kd2 Nxb2 42. Re7 Rf2+ 43. Ke3 Re2+ 44. Kf4 Rxe7 45. Nf7+ Kh7 46. Ng5+ Kg6 47.
Bc2+ Kf6 48. Nh7+ Ke6 49. Bb3+ Kd6 50. Ng5 a4 0-1

[Event "Late-Titled-Tuesday-Blitz-March-26-2024"]
[Site "Chess.com"]
[Date "2024.03.26"]
[Round "7"]
[White "ural58"]
[Black "Statham_01"]
[Result "0-1"]
[WhiteElo "2466"]
[BlackElo "2620"]
[TimeControl "180+1"]
[EndTime "15:18:46 PDT"]
[Termination "Statham_01 won on time"]

1. e4 e5 2. f4 d5 3. exd5 exf4 4.
Nf3 Nf6 5. Bb5+ c6 6. dxc6 Nxc6 7. Nc3 Bd6 8. Qe2+ Be6 9. Nd4 O-O 10. Nxe6 fxe6 11. Bxc6 Kh8 12. Be4 Nxe4 13. Nxe4 f3 14. gxf3 Qh4+ 15. Kd1 Be5 16. c3 Qh3 17. d4 Rad8 18.
Kc2 Bc7 19. Ng5 Qh5 20. Bd2 h6 21. h4 e5 22. Qe4 g6 23. Ne6 exd4 24. Nxc7 d3+ 25.
Kb3 Rf6 26. a4 Rc6 27. Rae1 Rxc7 28. Qe5+ Qxe5 29. Rxe5 Rf7 30. Bxh6 Rxf3 31. h5 d2 32. Rd1 Rf2 33. hxg6 a6 34. Re7 Kg8 35. Rg7+ Kh8 36. Rxb7 a5 37. Ra7 Rh2 38. Rxd2 Rdxd2 39. Bxd2 Rxd2 0-1

[Event "Late-Titled-Tuesday-Blitz-March-26-2024"]
[Site "Chess.com"]
[Date "2024.03.26"]
[Round "7"]
[White "Xavier_mompel"]
[Black "GWR2024"]
[Result "1-0"]
[WhiteElo "2344"]
[BlackElo "2176"]
[TimeControl "180+1"]
[EndTime "15:18:47 PDT"]
[Termination "Xavier_mompel won by checkmate"]

1. e4 e5 2. Nf3 d5 3. Nxe5 Bd6 4. d4 dxe4 5. Bc4 Bxe5 6. dxe5 Qxd1+ 7. Kxd1 Nc6 8. Bb5 Ne7 9. Nc3 Bg4+ 10. Ke1 O-O-O 11.
Bg5 h6 12. Bxc6 hxg5 13. Bxe4 Rde8 14. f3 Bd7 15. Kf2 Ng8 16. Rae1 c6 17. Bd3 Kc7 18. g3 Nh6 19. Re2 Nf5 20. Bxf5 Bxf5 21. g4 Bg6 22. Kg3 Rh4 23. Rhe1 Reh8 24. Rh1 Rh3+ 25.
Kg2 R3h6 26. Nd1 Rd8 27. Nf2 Rhh8 28. Rd1 Rxd1 29. Nxd1 Rd8 30. Nf2 Rd4 31. Nh3 f6 32.
exf6 gxf6 33. Kg3 a5 34. c3 Rd7 35. Nf2 a4 36. h4 gxh4+ 37. Kxh4 a3 38. bxa3 Kb6 39. Ne4 Rf7 40. f4 f5 41. Nd6 Rf6 42.
gxf5 Bxf5 43. Nxf5 Rxf5 44. Kg4 Ra5 45. f5 Kc7 46. f6 Ra4+ 47. Kg5 Kd8 48. f7 Ra5+ 49. Kf6 Kd7 50. f8=Q Rf5+ 51. Kxf5 Kc7 52. Re7+ Kb6 53.
Qd8+ Ka6 54. Qd3+ Ka5 55. Rxb7 Ka4 56. Qa6# 1-0

[Event "Late-Titled-Tuesday-Blitz-March-26-2024"]
[Site "Chess.com"]
[Date "2024.03.26"]
[Round "7"]
[White "GHANDEEVAM2003"]
[Black "Mikhail_Bryakin"]
[Result "1-0"]
[WhiteElo "3052"]
[BlackElo "2876"]
[TimeControl "180+1"]
[EndTime "15:18:48 PDT"]
[Termination "GHANDEEVAM2003 won on time"]

1. Nf3 d5 2. b3 Nf6 3. Bb2 c6 4. c4 Bf5 5. e3 e6 6. Nh4 Bg6 7. Be2 Nbd7 8. O-O Be7 9. d3 a5 10. a3 O-O 11. Nd2 Re8 12. Nxg6 hxg6 13. Qc2 Bd6 14. Rfc1 Be5 15. d4 Bd6 16. g3 Qe7 17. Kg2 g5 18. h3 g6 19. Bd3 Kg7 20. Nf3 g4 21. hxg4 Nxg4 22. Rh1 Rh8 23. e4 Rac8 24. e5 Bb8 25. Qd2 b6 26. Qf4 Nh6 27. cxd5 cxd5 28. g4 f6 29. g5 fxg5 30. Qxg5 Qxg5+ 31. Nxg5 Nf8 32. Rac1 Rc7 33. a4 Nf5 34. Ba3 Rxh1 35. Rxh1 Nxd4 36. Bxf8+ Kxf8 37. Rh8+ Kg7 38. Rxb8 Rc3 39.
Rb7+ Kh6 40. f4 Kh5 41. Ba6 Rxb3 42. Kf2 Kg4 43. Rf7 Nf5 44. Nxe6 d4 45. Be2+ Kh3 46.
Rh7+ Nh4 47. Ng5+ 1-0

[Event "Late-Titled-Tuesday-Blitz-March-26-2024"]
[Site "Chess.com"]
[Date "2024.03.26"]
[Round "7"]
[White "ValeriyGrinev"]
[Black "Der_Balak_3Halak"]
[Result "0-1"]
[WhiteElo "2592"]
[BlackElo "2433"]
[TimeControl "180+1"]
[EndTime "15:18:49 PDT"]
[Termination "Der_Balak_3Halak won by resignation"]

1. e4 e6 2. d4 d5 3. e5 c5 4. c3 Nc6 5. Nf3 Qb6 6. Bd3 Bd7 7. O-O cxd4 8. Re1 g6 9. cxd4 Bg7 10. Bf1 Nge7 11.
Nc3 O-O 12. Na4 Qc7 13. Nc5 Nf5 14. g4 Nfe7 15. Bg5 h6 16. Bh4 Rac8 17. Rc1 b6 18.
Nxd7 Qxd7 19. Bb5 g5 20. Nxg5 hxg5 21. Bxg5 f6 22. exf6 Bxf6 23. Be3 Bh4 24. Qd3 a6 25. Bxa6 Nb4 26. Bxc8 Nxd3 27. Bxd7 Kf7 28. Bxe6+ Kxe6 29.
Bh6+ Kf7 30. Bxf8 Bxf2+ 31. Kf1 Bxe1 32. Bxe7 Nxc1 33. Kxe1 Kxe7 34. Kd2 Nxa2 35. h4 Kf6 36. Ke3 Nb4 37. b3 b5 38. Kf4 Nd3+ 39. Kf3 Nc1 40. b4 Nd3 41. g5+ Kf5 42. Ke3 Nxb4 43. Kd2 Nc6 44.
Kd3 b4 45. Ke3 Na5 46. Kd3 Nc4 47. Kc2 Na5 48. Kd3 Kg6 49. Ke3 b3 50. Kd3 Nc6 51.
Kc3 Nxd4 52. Kb2 Kf5 53. Kc3 Nf3 54. h5 Nxg5 55. Kxb3 Ke4 56. Kc2 Ke3 57. Kd1 Kd3 58. Ke1 Kc2 59. Ke2 d4 60. Kf2 d3 61. Kg3 d2 62.
Kg4 Nh7 63. Kf5 d1=Q 64. Kg6 Qd3+ 65. Kg7 Ng5 66. h6 Qh7+ 67. Kf6 Qxh6+ 0-1

[Event "Late-Titled-Tuesday-Blitz-March-26-2024"]
[Site "Chess.com"]
[Date "2024.03.26"]
[Round "7"]
[White "TokChess"]
[Black "BallottiLuca"]
[Result "1-0"]
[WhiteElo "2598"]
[BlackElo "2343"]
[TimeControl "180+1"]
[EndTime "15:18:52 PDT"]
[Termination "TokChess won on time"]

1. b3 c5 2. Bb2 Nc6 3. Nf3 d6 4. e4 e5 5. Bb5 Nf6 6. d3 g6 7. h3 Bg7 8. Bxc6+ bxc6 9. O-O O-O 10. Nbd2 Be6 11. Re1 h6 12. Nc4 Qd7 13. a4 Nh5 14. Bc1 f5 15. exf5 Bxf5 16. Rb1 Be6 17. Nh2 Nf4 18.
Bxf4 Rxf4 19. Re3 Raf8 20. Qe2 Bd5 21. Rg3 Kh7 22. Nd2 Be6 23. Ne4 Qe7 24. Re1 d5 25.
Nd2 Qf7 26. Rf3 h5 27. Qe3 Qe7 28. Rxf4 Rxf4 29. Ndf3 Rf5 30. Nf1 Bh6 31. Qe2 Bf4 32. Ng3 Rf8 33. Nxe5 Re8 34. Qf3 Qg5 35. Nxc6 h4 36.
Nf1 Bd7 37. Rxe8 Bxe8 38. Na5 Bd7 39. Nb7 Bc6 40. Nxc5 Ba8 41. Ne6 Qf5 42. Nxf4 g5 43. Ne2 Qe6 44. d4 Bc6 45. Qe3 Qd7 46. Qe5 Bb7 47.
Ne3 Kh6 48. Ng4+ Kh5 49. Nf6+ 1-0

[Event "Late-Titled-Tuesday-Blitz-March-26-2024"]
[Site "Chess.com"]
[Date "2024.03.26"]
[Round "7"]
[White "CURRUTACO59"]
[Black "protectiago"]
[Result "1-0"]
[WhiteElo "2275"]
[BlackElo "2081"]
[TimeControl "180+1"]
[EndTime "15:18:54 PDT"]
[Termination "CURRUTACO59 won on time"]

1. Nf3 c5 2. e3 Nc6 3. d4 cxd4 4.
exd4 d5 5. Bd3 Bg4 6. c3 Nf6 7. O-O e6 8. Bf4 Bd6 9. Bxd6 Qxd6 10. Nbd2 O-O 11. Re1 Rac8 12. h3 Bh5 13. Qb1 Bg6 14. Bxg6 hxg6 15. Qd3 a6 16. a4 Na5 17. Ne5 Rfd8 18.
h4 Rc7 19. g3 Rdc8 20. Kg2 Nc4 21. Ndxc4 dxc4 22. Qe2 Qd5+ 23. Kh2 b5 24. axb5 Qxb5 25. Ra2 Rb7 26. Qf3 Rcb8 27. Rea1 Qd5 28. Qe2 Qe4 29.
Qxe4 Nxe4 30. Nxc4 Nxf2 31. Rxa6 Rc7 32. Ra8 Rxa8 33.
Rxa8+ Kh7 34. Ne5 Rb7 35. b4 Ne4 36. Rc8 f6 37. Nd3 g5 38. hxg5 Nxg5 39. Kg2 Kg6 40. Nc5 Ra7 41. b5 Ra2+ 42. Kf1 Rc2 43. b6 Rxc3 44. b7 Rb3 45. b8=Q Rb1+ 46. Qxb1+ 1-0

[Event "Late-Titled-Tuesday-Blitz-March-26-2024"]
[Site "Chess.com"]
[Date "2024.03.26"]
[Round "7"]
[White "LeninGuerra"]
[Black "David_ATM"]
[Result "1-0"]
[WhiteElo "2677"]
[BlackElo "2373"]
[TimeControl "180+1"]
[EndTime "15:18:55 PDT"]
[Termination "LeninGuerra won on time"]

1. e4 e5 2. Nf3 Nc6 3. Bb5 a6 4. Ba4 Nf6 5. Qe2 b5 6. Bb3 d6 7. O-O g6 8. c3 Bg7 9. Rd1 O-O 10. d3 Na5 11. Bc2 c5 12. Nbd2 Qc7 13. Nf1 Nc6 14. h3 h6 15. g4 Nh7 16. Ng3 Qe7 17. Kh2 Nd8 18. Rg1 Ne6 19. Be3 a5 20. Qd2 Nhg5 21.
Nh4 Kh7 22. Raf1 Ra6 23. Qe2 Nf4 24. Qd2 Nge6 25. Ng2 Nxg2 26. Rxg2 Qh4 27. Rfg1 Ng5 28. Bxg5 hxg5 29. Nf1 Bf6 30. Rg3 Kg7 31. Ne3 Be6 32.
Ng2 Qh7 33. Rh1 Rh8 34. Kg1 Qg8 35. Rf3 b4 36. c4 Qd8 37. Ba4 Ra7 38. Bc6 Rc7 39.
Bd5 Bxd5 40. exd5 e4 41. dxe4 Re7 42. Rxf6 Kxf6 43. f3 Kg7 44. Qxg5 Re5 45. Qf4 Qf6 46.
Qxf6+ Kxf6 47. Kf2 g5 48. Kg3 Kg6 49. h4 gxh4+ 50.
Nxh4+ Kf6 51. Re1 Ree8 52. Nf5 Rh7 53. Nxd6 Reh8 54. e5+ Ke7 55. Nf5+ Ke8 56. e6 fxe6 57. Rxe6+ Kd7 58. Ra6 Rh3+ 59. Kf4 Rh2 60. Rxa5 R8h3 61. Rxc5 Rxb2 62. Rb5 Rf2 63. Nd4 Rd2 64. Ne6 Rd3 65.
Nc5+ 1-0

[Event "Late-Titled-Tuesday-Blitz-March-26-2024"]
[Site "Chess.com"]
[Date "2024.03.26"]
[Round "7"]
[White "jinxy2009"]
[Black "Bkmzzzzz"]
[Result "1/2-1/2"]
[WhiteElo "2268"]
[BlackElo "2390"]
[TimeControl "180+1"]
[EndTime "15:18:56 PDT"]
[Termination "Game drawn - insufficient material"]

1. e4 d6 2. d4 Nf6 3. Nc3 e5 4. Nf3 Nbd7 5. Bc4 Be7 6. O-O O-O 7. Re1 c6 8. a4 b6 9. h3 a6 10. d5 cxd5 11. Nxd5 Nxd5 12. Bxd5 Rb8 13. Be3 Nf6 14. c4 Nxd5 15. exd5 f5 16. b4 f4 17. Bd2 Bf5 18. Bc3 Bf6 19. c5 bxc5 20. bxc5 e4 21. Bxf6 Qxf6 22. Nd4 dxc5 23. Nxf5 Qxf5 24. d6 Rfd8 25.
Qd2 Rb6 26. Qa2+ Kh8 27. Qc4 Rbxd6 28. Rxe4 Rd4 29. Rxd4 cxd4 30. Qc7 Qf8 31. Rd1 h6 32. Kf1 Qd6 33. Qxd6 Rxd6 34. Ke2 Kg8 35. Kd3 Kf7 36. Re1 g5 37. Re4 Rb6 38. Rxd4 Rb3+ 39. Ke4 Rb2 40.
Kf3 Ra2 41. g3 fxg3 42. fxg3 Ra3+ 43. Kg4 Kg7 44. Rc4 Kh7 45. Kh5 Rxg3 46. Rc7+ Kg8 47. Kxh6 Rxh3+ 48. Kxg5 Kf8 49. Ra7 Ra3 50. Rxa6 Ke7 51.
Kf5 Kd7 52. Ke5 Kc7 53. Kd5 Kb7 54. Ra5 Kb6 55. Ra8 Kb7 56. Ra5 Kb6 57. Rb5+ Ka6 58. Rb4 Ka5 59. Rd4 Rxa4 60. Rxa4+ Kxa4 1/2-1/2

[Event "Late-Titled-Tuesday-Blitz-March-26-2024"]
[Site "Chess.com"]
[Date "2024.03.26"]
[Round "7"]
[White "DanielDardha2005"]
[Black "Vladimir_Zakhartsov"]
[Result "1-0"]
[WhiteElo "2879"]
[BlackElo "2977"]
[TimeControl "180+1"]
[EndTime "15:18:57 PDT"]
[Termination "DanielDardha2005 won on time"]

1. d4 Nf6 2. Bg5 d5 3. e3 Nbd7 4.
c4 e6 5. Nc3 h6 6. Bh4 c6 7. Bd3 Be7 8. Nge2 O-O 9. O-O dxc4 10. Bxc4 b5 11. Bd3 Bb7 12. Bxf6 Nxf6 13. Ne4 Nd7 14.
Qc2 Rc8 15. Nc5 Nxc5 16. dxc5 Bf6 17. Rad1 Qc7 18. Ng3 Rfd8 19. Ne4 Be7 20. b4 a5 21. a3 Ra8 22. Be2 Rd5 23. Bf3 Rad8 24. Nc3 Rxd1 25. Rxd1 Rxd1+ 26. Qxd1 Kf8 27. Ne4 Bc8 28. Qd2 axb4 29.
axb4 Qe5 30. g3 Qd5 31. Qe2 Qb3 32. Qe1 Bd7 33. Kg2 f5 34. Nd6 Bxd6 35. Qd2 Bxc5 36. Qxd7 Qxb4 37. Bh5 Kg8 38. Qxe6+ Kh8 39. Qxf5 Bf8 40.
Bf3 Qd6 41. Be4 Kg8 42. Qc8 c5 43. Qb7 b4 44. Bd5+ Kh8 45. Qf7 Kh7 46. h4 Qf6 47.
Qg8+ Kg6 48. Be4+ Kh5 49. Qd5+ g5 50. Qd7 gxh4 51. g4+ Kg5 52. f4+ 1-0

[Event "Late-Titled-Tuesday-Blitz-March-26-2024"]
[Site "Chess.com"]
[Date "2024.03.26"]
[Round "7"]
[White "Quattroporte300"]
[Black "manitodeplomo"]
[Result "0-1"]
[WhiteElo "2483"]
[BlackElo "2645"]
[TimeControl "180+1"]
[EndTime "15:18:57 PDT"]
[Termination "manitodeplomo won by checkmate"]

1. e4 c5 2. Nc3 Nc6 3. g3 g6 4. Bg2 Bg7 5. Nge2 Rb8 6. O-O b5 7. f4 d6 8. d3 b4 9. Nd5 Bg4 10. Qe1 e6 11. Ne3 Bxe2 12. Qxe2 Nd4 13. Qf2 Nf6 14. e5 Nd7 15. exd6 Nb6 16. c3 bxc3 17. bxc3 Nf5 18. Nxf5 gxf5 19. Bc6+ Kf8 20. Qxc5 Kg8 21. a4 Rc8 22. Ba3 Nd5 23. d4 Bf8 24. c4 Nc3 25. d5 Bg7 26. d7 Bd4+ 27.
Qxd4 Ne2+ 28. Kf2 Nxd4 29. Be7 Qc7 30. Bd6 Qd8 31. Be7 Qc7 32. Bd6 Qd8 33. dxc8=Q Qxc8 34. Rab1 Nxc6 35. dxc6 Qxc6 36. Rb8+ Kg7 37. Be5+ f6 38. Bxf6+ Kxf6 39. Rxh8 Qc5+ 40. Kg2 Qc6+ 41. Kh3 Qxc4 42. Rb1 Qxa4 43. Rbb8 Qc4 44. Rbf8+ Ke7 45. Re8+ Kf7 46. Ra8 Qf1+ 47. Kh4 Qe2 48. Rxh7+ Kg6 49. h3 Kxh7 50.
Rxa7+ Kg6 51. Ra8 Qh5# 0-1

[Event "Late-Titled-Tuesday-Blitz-March-26-2024"]
[Site "Chess.com"]
[Date "2024.03.26"]
[Round "7"]
[White "FairChess_on_YouTube"]
[Black "Fonsofan"]
[Result "0-1"]
[WhiteElo "3086"]
[BlackElo "2771"]
[TimeControl "180+1"]
[EndTime "15:18:58 PDT"]
[Termination "Fonsofan won on time"]

1. e4 d6 2. f4 d5 3. e5 c5 4. Nf3 Nc6 5. d4 h5 6. c3 cxd4 7. cxd4 Bg4 8. Bb5 e6 9. O-O Qb6 10. Bxc6+ bxc6 11. Nbd2 Nh6 12. h3 Bxf3 13. Nxf3 Be7 14.
b3 Nf5 15. Kh2 c5 16. dxc5 Bxc5 17. Qd3 Rc8 18. Bd2 h4 19. Be1 Be3 20. Ng5 O-O 21.
Bxh4 Qd4 22. Qxd4 Bxd4 23. Rad1 Ne3 24. Nf3 Nxf1+ 25. Rxf1 Bb6 26. a4 Rc2 27. b4 Be3 28.
Kg3 Rc4 29. Be7 Bxf4+ 30. Kf2 Rc2+ 31. Kg1 Be3+ 32. Kh2 Rfc8 33. Bg5 Bxg5 34. Nxg5 R8c7 35.
b5 R2c4 36. Ra1 Rb4 37. Nf3 Rcc4 38. Kg3 Rxa4 39. Rb1 Rab4 40. Ra1 Rc7 41. Ra6 Rxb5 42. h4 Rb6 43. Ra4 f6 44. h5 Rbc6 45. h6 fxe5 46. Rg4 e4 47. Ne5 Rc3+ 48. Kf4 Kh7 49. Kg5 gxh6+ 50. Kf6 Rc1 51. Kxe6 e3 52. Ng6 Rf1 53.
Kd6 e2 54. Kxc7 e1=Q 55. Kd6 Rf6+ 0-1

[Event "Late-Titled-Tuesday-Blitz-March-26-2024"]
[Site "Chess.com"]
[Date "2024.03.26"]
[Round "7"]
[White "Byniolus"]
[Black "Nf3c5"]
[Result "1-0"]
[WhiteElo "2736"]
[BlackElo "2562"]
[TimeControl "180+1"]
[EndTime "15:18:58 PDT"]
[Termination "Byniolus won by checkmate"]

1. d4 Nf6 2. Nf3 g6 3. Bf4 Bg7 4. e3 d6 5. h3 O-O 6. Be2 Nfd7 7.
O-O e5 8. Bh2 Nc6 9. c4 f5 10. Nc3 e4 11. Nd2 g5 12. Rc1 Nf6 13. a3 Ne7 14. d5 Ng6 15. Nb3 Qe7 16. c5 a6 17. cxd6 cxd6 18. Nd4 f4 19. Re1 f3 20. gxf3 Bxh3 21. Ne6 exf3 22. Bxf3 Nh4 23. Bh1 Ng4 24. Bg3 Ne5 25. f4 Bg4 26. Bxh4 Bxd1 27. Bxg5 Bf6 28. Rcxd1 Bxg5 29. Nxg5 Nf7 30. Ne6 Kh8 31.
Nxf8 Rxf8 32. Kf2 Qh4+ 33. Ke2 Qh2+ 34. Kd3 Nh6 35. Re2 Qh5 36. Be4 Ng4 37. Rh1 Qe8 38. Rxh7+ Kg8 39. Rg2 Rf6 40. Rxg4+ Kf8 41. Rh8+ Ke7 42.
Rxe8+ Kxe8 43. Rg6 Rf7 44. Rxd6 Ke7 45. Re6+ Kd7 46.
Kd4 b5 47. Ke5 Rg7 48. Bf5 Kc7 49. Ne4 Rg1 50. d6+ Kc6 51. d7+ Kc7 52. Rc6+ Kb7 53.
d8=Q Rg8 54. Qb6+ Ka8 55. Qxa6+ Kb8 56. Qxb5+ Ka7 57. Ra6# 1-0

[Event "Late-Titled-Tuesday-Blitz-March-26-2024"]
[Site "Chess.com"]
[Date "2024.03.26"]
[Round "7"]
[White "LikeWater"]
[Black "dennisodessa"]
[Result "0-1"]
[WhiteElo "2696"]
[BlackElo "2535"]
[TimeControl "180+1"]
[EndTime "15:19:00 PDT"]
[Termination "dennisodessa won on time"]

1. e4 e6 2. d4 d5 3. Bd3 dxe4 4. Bxe4 Nf6 5. Bf3 Nbd7 6. Ne2 e5 7. Ng3 exd4 8.
Qxd4 Bc5 9. Qh4 Qe7+ 10. Be2 Bxf2+ 11. Kxf2 Ne5 12. Bg5 Qc5+ 13. Be3 Qxc2 14. h3 O-O 15. Nd2 Nd3+ 16. Bxd3 Qxd3 17. Qd4 Qg6 18. Nf3 Be6 19.
Rac1 Rfd8 20. Qa4 Nd5 21. Rhe1 Rd6 22. Qh4 Rad8 23. Ne5 Qf6+ 24. Qxf6 Nxf6 25. Nf3 c6 26. Bg5 Bxa2 27. Ra1 Bd5 28. Rxa7 c5 29. Nf5 Rb6 30. Ne7+ Kf8 31. Nxd5 Rxb2+ 32. Kg1 Re8 33. Rxe8+ Kxe8 34. Nxf6+ gxf6 35. Bxf6 Rb1+ 36. Kf2 Kd7 37. Bg7 Ke6 38. g4 b5 39. Rc7 Kd5 40. Rxf7 b4 41. Bf6 c4 42. Rxh7 c3 43. Rc7 Rc1 44. Ke3 Ke6 45. Bd4 Kd6 46. Rc8 Kd5 47. Rc5+ Kd6 48. Rc4 Rb1 49.
Bc5+ Kd5 50. Rxb4 c2 51. Rd4+ Kxc5 0-1